 Dungeon Crawl Stone Soup version 0.29.1-13-g9f3cf754e1 (webtiles) character file.

Game seed: 13421005268813328196

40 Oxelix the Chopper (level 3, -2/37 HPs)
             Began as an Ogre Gladiator on Feb 1, 2023.
             Was a Plaything of Xom.
             Slain by a jackal (3 damage)
             ... on level 1 of the Dungeon.
             The game lasted 00:01:33 (511 turns).

Oxelix the Chopper (Ogre Gladiator)                  Turns: 511, Time: 00:01:34

Health: -2/37      AC:  3    Str: 20    XL:     3   Next: 50%
Magic:  3/3        EV: 10    Int:  9    God:    Xom [......]
Gold:   50         SH:  0    Dex: 10    Spells: 2/2 levels left

rFire   . . .      SeeInvis .   a - +0 war axe
rCold   . . .      Faith    .   (no shield)
rNeg    . . .      Spirit   .   b - +0 robe
rPois   .          Reflect  .   c - +0 hat
rElec   .          Harm     .   (no cloak)
rCorr   .          Rampage  .   (gloves unavailable)
Will    .....                   (boots unavailable)
Stlth   +.........              (no amulet)
HPRegen 0.12/turn               (no ring)
MPRegen 0.08/turn               (no ring)

@: mighty
A: large, unfitting armour, tough skin 1
a: Renounce Religion


You were on level 1 of the Dungeon.
You worshipped Xom.
You were a very special plaything of Xom.
You visited 1 branch of the dungeon, and saw 1 of its levels.

You collected 50 gold pieces.

Inventory:

Hand Weapons
 a - a +0 war axe (weapon)
Missiles
 d - 3 throwing nets (quivered)
 e - a large rock
Armour
 b - a +0 robe (worn)
 c - a +0 hat (worn)
Scrolls
 f - 2 scrolls of identify {unknown}
 h - a scroll of teleportation {unknown}
 i - a scroll of poison {unknown}
 j - a scroll of enchant weapon {unknown}


   Skills:
 + Level 3.6 Fighting
 * Level 4.0 Axes
 - Level 2.0 Throwing
 - Level 2.6 Dodging


You had 2 spell levels left.
You didn't know any spells.
Your spell library was empty.

Dungeon Overview and Level Annotations

Branches:
Dungeon (1/15)

Altars:
Xom


Innate Abilities, Weirdness & Mutations

You are too large for most types of armour.
You have tough skin. (AC +1)


Message History

You closely miss the jackal. x2
The white imp gestures at you. The puff of frost hits you!
* * * LOW HITPOINT WARNING * * *
The jackal barely misses you. The jackal closely misses you.
The jackal bites you.
* * * LOW HITPOINT WARNING * * *
The white imp hits you but does no damage.
The jackal misses you.
You hit the white imp.
The white imp is severely wounded.
You hit the jackal. You barely miss the jackal.
The jackal bites you but does no damage. x2
The white imp closely misses you. The jackal misses you.
You hit the white imp.
You kill the white imp!
The white imp disappears in a puff of smoke!
You closely miss the jackal. You hit the jackal but do no damage.
The jackal bites you but does no damage.
The jackal bites you.
* * * LOW HITPOINT WARNING * * *
The jackal closely misses you.
It was a potion of might.
You feel very mighty all of a sudden.
Xom thinks this is hilarious!
The jackal barely misses you.
The jackal bites you but does no damage.
The crimson imp blinks!
The jackal barely misses you. The jackal bites you.
* * * LOW HITPOINT WARNING * * *
You closely miss the jackal.
The jackal is moderately wounded.
You barely miss the jackal. The jackal completely misses you.
The jackal barely misses you. The jackal misses you.
You closely miss the jackal.
The jackal is moderately wounded.
You closely miss the jackal. The jackal bites you.
* * * LOW HITPOINT WARNING * * *
The jackal bites you.
You die... "Huh?
Did I miss anything?"

#.......# #.......### ##
# #.......#.#####. #.
####............... ...
................... #...
###.......#....... #....
##................
#.....#.................
#§h@....####........
#.h.................
#.....###.......#.##.##
###... ###.#.....##.#
#... #....†#.##.# #..#.
###..†..##.# ...###
##....##.# .## #.
##....##.#. #.#
#...#...^..


You could see 2 jackals.

Vanquished Creatures
  2 dart slugs (D:1)
  5 endoplasms (D:1)
  A giant cockroach (D:1)
  4 goblins (D:1)
  3 hobgoblins (D:1)
  A jackal (D:1)
  3 kobolds (D:1)
  4 ball pythons (D:1)
  3 bats (D:1)
  2 frilled lizards (D:1)
  5 rats (D:1)
33 creatures vanquished.

Notes
Turn   | Place    | Note
-------+----------+-------------------------------------------
     0 | D:1      | Oxelix the Ogre Gladiator began the quest for the Orb.
     0 | D:1      | Reached XP level 1. HP: 22/22 MP: 1/1
    37 | D:1      | Found a faded altar of an unknown god.
    44 | D:1      | Prayed at the altar of an unknown god.
    44 | D:1      | Became a worshipper of Xom of Chaos
    62 | D:1      | Reached XP level 2. HP: 30/31 MP: 2/2
   102 | D:1      | XOM: silly message
   331 | D:1      | Reached XP level 3. HP: 33/37 MP: 3/3
   398 | D:1      | XOM: potion effect (berserk rage)
   439 | D:1      | Reached skill level 4 in Axes
   502 | D:1      | XOM: summons 2 hostile demons
   511 | D:1      | HP: 1/37 [jackal (2)]
   511 | D:1      | Slain by a jackal

Illustrated notes

Levels and vault maps discovered:
D:1:      mushboom_english_gardens, layout_rooms,
          hellmonk_ecumenical_altar_slurped_away

Skill      XL: |  1  2  3 |
---------------+----------+-----
Fighting       | 3 |  3.6
Axes           | 4 |  4.0
Throwing       | |  2.0
Dodging        | |  2.6

Action                   || total
-------------------------++-------
Melee: War axe           ||    66
  Use: Potion            ||     1
Armor: Robe              ||    36
Dodge: Dodged            ||    70
